 Dungeon Crawl Stone Soup version 0.14-a0-1576-gf4c5cb9 (webtiles) character file.

91 Bloax the Ruffian (level 2, -5/19 HPs)
             Began as a Gargoyle Monk on Dec 21, 2013.
             Killed from afar by Sigmund (9 damage)
             ... with a puff of flame
             ... on Level 2 of the Dungeon.
             The game lasted 00:01:41 (296 turns).

Bloax the Ruffian (Gargoyle Monk)                    Turns: 296, Time: 00:01:42

HP  -5/19        AC  4     Str 14      XL: 2   Next: 41%
MP   2/2         EV 12     Int 10      God:
Gold 77          SH  0     Dex 12      Spells:  0 memorised,  1 level left

rFire  . . .     SeeInvis .       - Unarmed
rCold  . . .     Clarity  .     g - +0 elf robe
rNeg   + . .     Conserve .     (no shield)
rPois  +         rCorr    .     (no helmet)
rElec  +         rRot     +     (no cloak)
SustAb . .       Spirit   .     (no gloves)
rMut   .         Warding  .     (no boots)
Saprov . . .     Stasis   .     (no amulet)
                                (no ring)
                                (no ring)

@: not resistant to hostile enchantments, fairly stealthy
A: life protection 1, electricity resistance, unbreathing, petrification
resistance, AC +2
a: no special abilities


You were on level 2 of the Dungeon.
You were not hungry.

You visited 1 branch of the dungeon, and saw 2 of its levels.

You collected 77 gold pieces.


Innate Abilities, Weirdness & Mutations

You are resistant to torment.
You are immune to poison.
Your stone body is very resilient (AC +2).
You resist negative energy.
You are resistant to electric shocks.
You can survive without breathing.
You are immune to petrification.


   Skills:
 + Level 3.4 Fighting
 + Level 2.5 Dodging
 - Level 2.1 Stealth
 * Level 4.8 Unarmed Combat


You had one spell level left.
You didn't know any spells.

Dungeon Overview and Level Annotations

Branches:
Dungeon (2/16)

Altars:

Annotations:
D:2 Sigmund

Inventory:

Armour
 g - a +0 elven robe (worn)
   (You found it on level 1 of the Dungeon)
Comestibles
 b - a bread ration
 f - a meat ration
Scrolls
 a - a scroll of curse weapon {unknown}
 c - a scroll of remove curse {unknown}
 d - a scroll of identify {unknown}
Potions
 e - 2 potions of flight {unknown}

.## ##....# .......# ..
..$.....##...
...............
................
................
.................
.......!@.....@...
........#.........
.......#.......##
...............#.#
........#.#.#.......
...........#.#...#.#
..........###.#####.##.
........................
..##......####.#####.##.


You could see Sigmund.


Message History

* * * LOW HITPOINT WARNING * * *
The ball python barely misses you. The ball python constricts you.
You hit the kobold.
You kill the kobold!
The ball python closely misses you. The ball python constricts you.
You barely miss the ball python.
The ball python bites you but does no damage.
The ball python constricts you. The ball python bites you.
* * * LOW HITPOINT WARNING * * *
The ball python constricts you.
You hit the ball python.
The ball python is severely wounded.
The ball python bites you but does no damage.
* * * LOW HITPOINT WARNING * * *
The ball python constricts you.
You hit the ball python.
You kill the ball python!
You see here a dagger.
You now have 30 gold pieces (gained 17).
You see here 11 arrows of frost.
Things that are here:
a giant newt corpse; a hobgoblin corpse You see here 3 darts.
Things that are here:
a dwarven dagger; a dart
Found a stone staircase leading down.
a - a scroll labeled HEUCHU WO HUB
There is a stone staircase leading down here.
Found 15 gold pieces.
Found 14 gold pieces.
Found 19 stones.
You now have 45 gold pieces (gained 15).
You now have 59 gold pieces (gained 14).
You see here 19 stones.
You see here 19 stones.
Found a dagger.
You see here a dagger.
Found a glowing pink potion.
e - 2 glowing pink potions (gained 1)
A giant cockroach comes into view.
Found 10 gold pieces.
The giant cockroach barely misses you.
You hit the giant cockroach.
The giant cockroach is heavily wounded.
The giant cockroach bites you but does no damage.
You hit the giant cockroach.
The giant cockroach is severely wounded.
The giant cockroach barely misses you.
You hit the giant cockroach.
You kill the giant cockroach!
You see here a giant cockroach corpse.
You now have 69 gold pieces (gained 10).
There is a stone staircase leading down here.
You climb downwards.
There is a stone staircase leading up here.
Found a robe.
You see here a robe.
Found 8 gold pieces.
Sigmund comes into view.
He is wielding a scythe.
Sigmund shouts!
Sigmund casts a spell at you. The magic dart hits you!
* * * LOW HITPOINT WARNING * * *
Found an emulsified green potion and 5 gold pieces.
You see here 8 gold pieces.
Unknown command.
You now have 77 gold pieces (gained 8).
Sigmund points at you and mumbles some strange words.
The puff of flame hits you!
You die...

Action                   || total
-------------------------++-------
Melee: Unarmed           ||    42

Vault maps used:
D:1:      minmay_entry_radiant_lines, minmay_misc_feat_iff, minivault_5
D:2:      nicolae_overflow_hidden_temple, uniq_sigmund

Notes
Turn   | Place    | Note
--------------------------------------------------------------
     0 | D:1      | Bloax, the Gargoyle Monk, began the quest for the Orb.
     0 | D:1      | Reached XP level 1. HP: 14/14 MP: 1/1
    26 | D:1      | HP: 3/14 [rat (1)]
    77 | D:1      | Reached XP level 2. HP: 6/19 MP: 2/2
   124 | D:1      | HP: 4/19 [ball python (1)]
   293 | D:2      | Noticed Sigmund
   294 | D:2      | HP: 4/19 [Sigmund/magic dart (9)]
   296 | D:2      | Killed from afar by Sigmund

Vanquished Creatures
  A ball python (D:1)
  A giant cockroach (D:1)
  2 goblins (D:1)
  A hobgoblin (D:1)
  3 kobolds (D:1)
  A bat (D:1)
  A giant newt (D:1)
  2 jackals (D:1)
  A rat (D:1)
13 creatures vanquished.
